 Dungeon Crawl Stone Soup version 0.27-a0-1090-gb115f176c6 (webtiles) character file.

Game seed: 271436303292185626

117 voltaire321 the Ducker (level 5, -1/40 HPs)
             Began as a Djinni Gladiator on Apr 28, 2021.
             Slain by Natasha (3 damage)
             ... on level 3 of the Dungeon.
             The game lasted 00:08:32 (3684 turns).

voltaire321 the Ducker (Djinni Gladiator)           Turns: 3684, Time: 00:08:33

Health: -1/40      AC:  5    Str: 13    XL:     5   Next: 1%
Gold:   116        EV: 13    Int: 10    God:
                   SH:  0    Dex: 15

rFire    + + .     SeeInvis .   a - +0 rapier
rCold    x . .     Faith    .   (no shield)
rNeg     . . .     Spirit   .   b - +0 leather armour
rPois    ∞         Reflect  .   c - +0 helmet
rElec    .         Harm     .   (no cloak)
rCorr    .         Rampage  .   n - +0 pair of gloves
Will     .....                  (boots unavailable)
Stlth    +.........             (no amulet)
HPRegen  0.13/turn              (no ring)
MPRegen  0.00/turn              (no ring)

@: flying, slowed, very slow
A: fire resistance 2, cold vulnerability 1, float, innate caster, hp casting,
extra vitality 1
a: no special abilities


You were on level 3 of the Dungeon.
You visited 1 branch of the dungeon, and saw 3 of its levels.

You collected 116 gold pieces.

Inventory:

Hand Weapons
 a - a +0 rapier (weapon)
Missiles
 d - 3 throwing nets (quivered)
 g - 6 boomerangs
 m - 28 stones
Armour
 b - a +0 leather armour (worn)
 c - a +0 helmet (worn)
 n - a +0 pair of gloves (worn)
Jewellery
 o - a ring of ice
Scrolls
 j - a scroll of immolation {unknown}
 k - a scroll of enchant weapon {unknown}
Potions
 e - a potion of haste {unknown}
 f - a potion of curing {unknown}
 h - a potion of attraction {unknown}
 i - a potion of degeneration {unknown}
 l - a potion of mutation {unknown}


   Skills:
 + Level 3.2 Fighting
 + Level 3.5 Short Blades
 - Level 1.5 Throwing
 + Level 4.3 Dodging
 + Level 0.7 Spellcasting


You had 2 spell levels left.
You knew the following spells:

 Your Spells              Type           Power      Damage    Failure   Level
a - Sandblast             Erth           2%         2d4       34%         1
b - Call Imp              Summ           1%         N/A       45%         2
Your spell library was empty.

Dungeon Overview and Level Annotations

Branches:
Dungeon (3/15)

Altars:
Vehumet

Annotations:
D:3 2 transporters, Natasha; chaostorm's ghost, amateur TeAE


Innate Abilities, Weirdness & Mutations

You are immune to poison.
Your flesh is very heat resistant. (rF++)
You are vulnerable to cold. (rC-)
You float through the air rather than walking.
You learn spells naturally, not from books.
Your magical power is your life essence.
You have superior vitality. (+4 HP)


Message History

Natasha claws you. The shadow imp closely misses you.
You barely miss Natasha.
Natasha stares at you and mumbles some strange words.
You feel yourself slow down. The shadow imp gestures at you.
Pain shoots through your body! Natasha completely misses you.
You hit Natasha.
Natasha is moderately wounded.
The shadow imp hits you. Natasha barely misses you.
You hit Natasha.
Natasha is heavily wounded.
The shadow imp grinds its teeth.
The shadow imp barely misses you. Natasha closely misses you.
The shadow imp closely misses you.
Natasha stares at you and mumbles some strange words.
You resist with some effort.
You hit Natasha but do no damage.
Natasha is heavily wounded.
The shadow imp hits you. Natasha casts a spell at you. The magic dart hits you.
You barely miss Natasha.
Natasha is heavily wounded.
The shadow imp hits you.
Natasha drinks a potion.
Natasha is healed!
The shadow imp hits you. Natasha claws you.
You closely miss Natasha. The shadow imp barely misses you.
Natasha barely misses you.
Your magical contamination has completely faded away.
You barely miss Natasha. The shadow imp closely misses you.
Natasha stares at you and mumbles some strange words.
The magic dart hits you!
* * * LOW HITPOINT WARNING * * *
The shadow imp hits you but does no damage.
Natasha barely misses you.
You closely miss Natasha.
The shadow imp hits you but does no damage.
Natasha claws you.
* * * LOW HITPOINT WARNING * * *
The shadow imp completely misses you. Natasha claws you.
You die...

..........## ##.#######.#
.#######.#.####.#.######.#
##.###.##.###.......##.#.
#.## ##..## #..†.........#
#..###.##.###..............
#.#.#.##...#......#########
#.##.## ##.#.....#WZ......
#......#
#.##5#.....#Z.......
#.#.##.#
#...@......#Z.###.###
#.#.##.# #.#.h......#..#
.#8# . #.##.#
#...##..#..#.... ... ## #.
#.#..... #.#..©#.... ...
#.#.#.#.#..#...#.... ...
... ........ ..#..# .# # .
.#.#.#..# #.#..###.### #.
..#..###.#.........
#.##.###<.##..#.........


You could see Natasha and a shadow imp (summoned).

Vanquished Creatures
  Natasha (D:3)
  3 adders
  A worm (D:2)
  A dart slug (D:2)
  5 orcs (D:3)
  5 ball pythons
  4 bats
  2 endoplasms (D:1)
  3 giant cockroaches
  2 goblins
  6 hobgoblins
  6 jackals (D:1)
  5 kobolds
  5 frilled lizards
  4 rats
53 creatures vanquished.

Notes
Turn   | Place    | Note
-------+----------+-------------------------------------------
     0 | D:1      | voltaire321 the Djinni Gladiator began the quest for the
                  | Orb.
     0 | D:1      | Reached XP level 1. HP: 18/18 MP: 0/0
   364 | D:1      | Reached XP level 2. HP: 3/23 MP: 0/0
  1195 | D:1      | Reached XP level 3. HP: 22/29 MP: 0/0
  1195 | D:1      | Learned a level 1 spell: Sandblast
  2128 | D:2      | Reached skill level 4 in Dodging
  2128 | D:2      | Reached XP level 4. HP: 31/34 MP: 0/0
  2873 | D:3      | Found a transporter.
  3120 | D:3      | Noticed Natasha
  3132 | D:3      | Killed Natasha
  3619 | D:3      | Reached XP level 5. HP: 37/40 MP: 0/0
  3619 | D:3      | Learned a level 2 spell: Call Imp
  3651 | D:3      | Found a transporter.
  3651 | D:3      | Noticed chaostorm's ghost (amateur TeAE)
  3667 | D:3      | Noticed Natasha
  3684 | D:3      | HP: 2/40 [Natasha (6)]
  3684 | D:3      | Slain by Natasha

Illustrated notes

Levels and vault maps discovered:
D:1:      lemuel_arrival_behind_the_door_large, layout_basic
D:2:      layout_basic, serial_co_window_serial, co_window_paths_b,
          co_window_paths_a, co_window_corner_a, co_window_paths_a,
          co_window_corner_a, co_window_unsneaky_path_e, co_window_paths_c,
          co_window_of_opportunity_c, co_window_broadway_a,
          co_window_broadway_c, co_window_unsneaky_path_a, co_window_broadway_b,
          glass_columns_b, glass_columns_a, glass_columns_a, glass_columns_b,
          roderic_nine_men_s_morris, chequers_garden, minmay_statues_item
D:3:      layout_loops_ring, nicolae_vehumet_radiance,
          shapermc_ecumenical_altar_mp_vishouse, gammafunk_ghost_mausoleum,
          uniq_natasha

Skill      XL: |  1  2  3  4 |
---------------+-------------+-----
Short Blades   | 3 |  3.5
Dodging        | 4 |  4.3
Fighting       | 3 |  3.2
Throwing       | |  1.5
Spellcasting   | |  0.7

Action                   |  1- 3 |  4- 6 || total
-------------------------+-------+-------++-------
Melee: Rapier            |   106 |    82 ||   188
 Cast: Sandblast         |       |     7 ||     7
 Stab: Sleeping          |     2 |     1 ||     3
Armor: Leather armour    |    28 |    24 ||    52
Dodge: Dodged            |    64 |    77 ||   141

Table legend: (Time is in decaauts)
 A = Elapsed time spent in this place.
 B = Non-inter-level travel time spent in this place.
 C = Inter-level travel time spent in this place.
 D = Time resting spent in this place.
 E = Time spent auto-exploring this place.
 F = Levels seen in this place.
 G = Mean time per level.
                   A        B        C        D        E       F      G
               +--------+--------+--------+--------+--------+-----+--------+
         Total |   3695 |   3524 |    171 |    606 |   2381 |   3 | 1231.7 |
       Dungeon |   3695 |   3524 |    171 |    606 |   2381 |   3 | 1231.7 |
               +--------+--------+--------+--------+--------+-----+--------+

Top non-repeatable levels by time:
     D:1: 1585 daAuts
     D:2: 1270 daAuts
     D:3: 839 daAuts
